Map: Ulrena

Players

ColdButKind

  • Race: Terran Terran
  • League: Diamond

LilDicky - Winner!

  • Race: Terran Terran
  • League: Diamond

VOD

http://www.twitch.tv/tumescentpie

Description

Time

  • Played on: Nov. 23, 2015, 1:39 p.m.
  • Length: 25:11
Show
View Real Time Build Order
Export as new Build Order

ColdButKind Terran 

Build Orders: MMM Bio 

Get SALT Encoding   

  12  0:00  SCV  
  13  0:12  SCV  
  14  0:17  Supply Depot  
  14  0:25  SCV  
  15  0:39  SCV  
  15  0:40  Barracks  
  16  0:51  SCV  
  16  0:52  Refinery  
  17  1:03  SCV  
  18  1:16  SCV  
  19  1:29  Orbital Command  
  19  1:35  Reaper  
  20  1:57  SCV  
  21  2:08  Command Center, Marine  
  21  2:09  SCV  
  22  2:17  Factory  
  22  2:19  Supply Depot  
  22  2:21  SCV  
  23  2:40  Marine  
  23  2:47  SCV  
  24  2:58  Marine  
  24  3:00  Barracks  
  24  3:02  Barracks  
  25  3:07  SCV  
  25  3:12  Factory Tech Lab  
  26  3:14  Starport  
  26  3:17  Barracks Tech Lab  
  27  3:20  SCV  
  27  3:32  SCV  
  28  3:35  Refinery  
  28  3:38  Orbital Command  
  28  3:44  SCV  
  28  3:47  Marine  
  30  3:49  Marine  
  31  4:01  Cyclone  
  34  4:05  SCV x2  
  36  4:16  Engineering Bay  
  36  4:17  SCV x2  
  36  4:18  Viking  
  36  4:21  Marine x2  
  36  4:23  Barracks Reactor  
  42  4:29  SCV x2  
  44  4:38  Marine  
  44  4:39  Marine  
  46  5:09  Barracks Reactor  
  46  5:13  Starport Reactor  
  46  5:20  SCV, Marine  
  46  5:29  Missile Turret  
  46  5:32  Missile Turret  
  46  5:40  Marine  
  46  5:46  Siege Tank  
  46  5:48  SCV  
  46  5:49  SCV  
  45  5:50  Marauder  
  42  5:57  Marine x3  
  42  6:00  SCV  
  42  6:01  SCV  
  45  6:07  Marine  
  45  6:09  Stimpack  
  45  6:12  SCV  
  45  6:14  Refinery  
  45  6:15  Refinery  
  46  6:30  SCV  
  46  6:37  Supply Depot  
  46  6:38  Supply Depot  
  46  6:58  SCV x2, Marine x4  
  46  6:59  Marauder  
  54  7:06  Supply Depot  
  54  7:07  Barracks  
  54  7:08  Supply Depot, Barracks x2  
  54  7:10  SCV x2, Medivac x2  
  60  7:16  Marine x2  
  60  7:19  Command Center  
  62  7:23  Missile Turret  
  62  7:27  Marine x2  
  62  7:28  SCV x2, Marauder  
  68  7:33  Supply Depot  
  68  7:34  Marine x2  
  68  7:35  Supply Depot  
  70  7:38  Terran Infantry Weapons Level 1  
  70  7:40  SCV x2  
  72  7:44  Engineering Bay  
  72  7:45  Marine  
  72  7:49  Marauder  
  75  7:52  SCV x2  
  75  7:57  Barracks Reactor x2  
  77  8:00  Barracks Tech Lab  
  77  8:04  SCV  
  77  8:05  SCV  
  79  8:06  Marine x3  
  82  8:19  Terran Infantry Armor Level 1  
  82  8:21  Armory, Marauder, Marine  
  85  8:29  SCV  
  85  8:30  SCV  
  87  8:36  Orbital Command  
  87  8:41  Marine x4  
  87  8:42  SCV x2  
  87  8:43  Marine  
  94  8:49  Marine x4  
  98  9:00  SCV x2  
  98  9:02  Marauder, Marine x4  
  106  9:13  Marauder, Marine  
  106  9:14  Marine x3  
  107  9:20  Marine  
  107  9:24  Medivac x2  
  104  9:27  Marauder, Marine x3  
  104  9:31  Marine  
  109  9:32  Marine  
  106  9:43  Marauder, Marine  
  106  9:44  Missile Turret  
  109  9:52  Marine  
  109  9:53  Combat Shields  
  109  9:54  Marine x2  
  109  9:59  Marine  
  109  10:01  SCV  
  109  10:02  Marine x2  
  109  10:03  Marine  
  109  10:05  Marauder  
  108  10:14  Missile Turret  
  108  10:16  SCV  
  109  10:32  Missile Turret  
  109  10:35  Missile Turret  
  109  10:40  SCV  
  109  10:45  SCV  
  109  10:48  Marine  
  109  10:54  Marine  
  109  11:01  Missile Turret  
  109  11:10  SCV, Supply Depot, Marine  
  109  11:11  Supply Depot  
  109  11:32  SCV x2, Marauder, Supply Depot, Marine x5  
  119  11:33  SCV, Marauder  
  119  11:34  Supply Depot  
  121  11:42  Medivac  
  125  11:49  SCV  
  125  11:50  SCV, Medivac  
  125  11:53  Marauder, Marine  
  125  11:54  Marauder, Marine x6  
  124  11:58  Terran Infantry Weapons Level 2  
  129  12:15  Marauder  
  130  12:16  Marine x6, Marauder  
  135  12:33  Marine x3  
  135  12:34  Marine  
  135  12:36  Marauder  
  141  12:40  Missile Turret x2  
  133  12:59  Marauder x2, Marine x4  
  141  13:11  Marine  
  141  13:19  Marine  
  141  13:20  Marine  
  141  13:21  Marine  
  141  13:27  Marauder  
  141  13:28  Marine  
  105  13:42  Marine  
  105  13:43  Marauder, Marine x3  
  105  13:45  Marine  
  105  13:48  Marine  
  85  14:00  Marine x2  
  85  14:01  Marine  
  81  14:05  Marine x2  
  81  14:06  SCV x2, Marine  
  81  14:09  Marine  
  84  14:10  Missile Turret  
  84  14:13  Command Center  
  84  14:22  Barracks  
  84  14:25  Barracks, Marine x4  
  84  14:26  Marine  
  84  14:30  Barracks  
  89  14:32  Terran Infantry Weapons Level 3, Terran Infantry Armor Level 2  
  89  14:40  Marine  
  89  14:42  Marine  
  89  14:43  Marine  
  92  14:51  Marine x3  
  91  14:57  Marine  
  91  15:00  Marine  
  91  15:03  Marine  
  93  15:09  Marine x2  
  95  15:17  Marine  
  95  15:18  Marine x4  
  100  15:25  Missile Turret  
  100  15:28  Orbital Command  
  100  15:29  SCV x2  
  100  15:30  Missile Turret  
  100  15:32  SCV  
  102  15:41  SCV  
  101  15:48  Marine x2  
  101  16:01  Marine  
  101  16:08  Marine x2  
  101  16:09  Marine x5  
  107  16:19  Marine  
  107  16:26  Marine x3  
  107  16:27  Marine x4  
  114  16:37  Marine  
  112  16:44  Marine  
  112  16:46  Marine  
  112  16:47  Marine x5  
  70  16:55  Marine  
  57  17:02  Marine  
  57  17:04  Marine x2  
  57  17:05  SCV x2, Marine x4  
  41  17:20  Marine x2  
  41  17:22  Marine x3  
  40  17:23  Marine x3  
  42  17:33  Orbital Command  
  34  17:38  Marine x2  
  34  17:40  Marine x5  
  34  17:41  Marine  
  40  17:55  Marine  
  40  17:56  Marine  
  40  17:58  Marine x4  
  43  18:04  Marine x2  
  48  18:13  Marine x2  
  48  18:16  Marine x2  
  48  18:18  Marine x2  
  54  18:20  Terran Infantry Armor Level 3  
  54  18:21  Marine  
  54  18:22  Marine  
  56  18:31  Marine x2  
  56  18:33  Marine  
  56  18:34  Orbital Command, Marine  
  58  18:38  Orbital Command  
  56  18:44  Marine  
  56  18:45  Marine  
  55  19:07  SCV  
  55  19:08  SCV x2  
  55  19:09  Marine x2  
  59  19:10  Marine x3  
  59  19:11  Marine  
  59  19:14  Medivac  
  66  19:20  SCV x3  
  69  19:28  Barracks Reactor x4  
  69  19:29  Barracks Reactor x2  
  69  19:32  SCV  
  69  19:34  SCV x2  
  72  19:44  SCV, Marine  
  72  19:45  Marine  
  75  19:46  SCV  
  75  20:02  Marine x2  
  75  20:05  SCV x2  
  75  20:06  SCV  
  80  20:09  Marine x4  
  80  20:10  Marine x3  
  87  20:14  Medivac  
  87  20:20  Marine x2  
  91  20:25  Marine x4  
  95  20:38  Marine x2  
  93  20:46  Marine x4  
  93  20:47  Marine x3  
  93  20:49  Marine  
  96  20:50  Marine x4  
  96  20:52  SCV  
  96  20:56  Marine x2  
  104  20:59  Medivac  
  106  21:06  Marine x3  
  109  21:21  Marine x4  
  109  21:22  Marine x2  
  115  21:39  Marine x2  
  116  21:40  Marine x4  
  118  22:04  Marine x3  
  118  22:05  Marine x6  
  125  22:37  Marine  
  125  22:38  SCV x2  
  125  22:54  Marine  
  125  22:55  Marine x2  
  125  23:00  Marine  
  125  23:02  Marine  
  125  23:03  Marine x2  
  118  23:17  Marine x3  
  118  23:19  Marine x2  
  110  23:23  Marine x4  
  83  23:51  Marine  
Show
View Real Time Build Order
Export as new Build Order

LilDicky Terran - Winner!

Build Orders: Banshee Rush 

Get SALT Encoding   

  12  0:01  SCV  
  13  0:13  SCV  
  14  0:18  Supply Depot  
  14  0:26  SCV  
  15  0:30  Refinery  
  15  0:39  SCV  
  16  0:45  Barracks  
  16  0:51  SCV  
  17  1:03  SCV  
  18  1:16  SCV  
  19  1:28  SCV  
  20  1:33  Reaper  
  20  1:34  Supply Depot  
  21  1:40  Orbital Command  
  21  1:57  Refinery  
  21  2:02  Factory  
  22  2:18  Marine  
  22  2:19  SCV  
  23  2:25  Command Center  
  23  2:48  SCV  
  23  2:50  Factory Tech Lab  
  24  2:51  Marine  
  24  2:52  Starport  
  25  3:08  SCV  
  25  3:09  Marine  
  27  3:16  Engineering Bay  
  27  3:20  SCV  
  28  3:27  Marine  
  28  3:32  SCV  
  30  3:44  Widow Mine  
  30  3:45  SCV, Marine  
  34  3:49  Banshee, Cloaking Field  
  34  3:54  Missile Turret  
  37  3:55  Supply Depot  
  37  4:08  Marine  
  38  4:14  Widow Mine  
  38  4:15  SCV  
  41  4:18  Orbital Command  
  41  4:27  Command Center  
  41  4:28  SCV  
  42  4:34  Banshee  
  45  4:42  Marine  
  46  4:51  Factory Tech Lab  
  43  5:01  SCV  
  43  5:05  SCV  
  45  5:14  SCV  
  45  5:16  Siege Tank  
  45  5:17  Banshee  
  52  5:26  SCV  
  52  5:27  Marine  
  53  5:44  Marine  
  54  5:54  Siege Tank  
  54  5:56  SCV x2  
  59  5:57  Refinery  
  59  5:58  Refinery  
  59  6:08  SCV x2  
  59  6:09  Marine  
  59  6:12  Banshee  
  59  6:18  Starport x2  
  62  6:20  SCV x2  
  64  6:26  Siege Tank  
  64  6:27  Marine  
  64  6:32  SCV  
  67  6:35  SCV  
  68  6:44  SCV  
  69  6:51  Command Center  
  69  6:56  Orbital Command  
  69  7:03  SCV, Siege Tank  
  69  7:05  Supply Depot  
  69  7:06  Supply Depot, Engineering Bay  
  73  7:18  SCV  
  73  7:19  SCV  
  73  7:21  SCV  
  76  7:27  Starport Reactor  
  76  7:28  Starport Tech Lab  
  76  7:30  Banshee, SCV  
  76  7:31  SCV  
  76  7:32  Corvid Reactor  
  76  7:33  SCV  
  76  7:35  Siege Tank  
  85  7:38  Fusion Core  
  85  7:43  SCV x2  
  87  7:45  SCV  
  88  7:55  SCV x2  
  88  7:57  SCV  
  91  7:58  Hi-Sec Auto Tracking  
  91  8:04  Missile Turret  
  91  8:05  Building Armor  
  91  8:07  SCV x2, Missile Turret  
  91  8:09  SCV, Viking x2  
  91  8:10  Viking  
  100  8:17  Refinery, Orbital Command  
  100  8:18  Refinery  
  100  8:19  SCV x2  
  102  8:22  SCV  
  102  8:23  Banshee  
  106  8:28  Missile Turret  
  106  8:32  Hyperflight Rotors  
  106  8:48  Viking  
  108  8:53  Banshee, Supply Depot  
  111  8:59  Supply Depot  
  111  9:00  Armory  
  111  9:01  SCV, Refinery x2  
  112  9:05  SCV  
  113  9:12  Siege Tank  
  113  9:15  Banshee, SCV  
  120  9:17  SCV  
  117  9:27  SCV  
  117  9:29  SCV  
  119  9:39  SCV  
  119  9:41  SCV  
  121  9:51  SCV  
  122  9:54  SCV  
  122  9:55  Viking x2  
  122  9:56  Viking  
  122  9:58  Banshee  
  120  10:19  Terran Vehicle And Ship Armor Level 1  
  120  10:20  Armory, SCV  
  120  10:21  SCV x3, Factory  
  122  10:25  Viking x2  
  122  10:26  Banshee  
  131  10:33  Command Center, SCV  
  132  10:36  SCV x2  
  131  10:53  Banshee  
  131  10:55  Viking x2  
  129  10:57  Orbital Command  
  129  11:03  Missile Turret  
  124  11:07  SCV  
  124  11:08  Banshee  
  128  11:17  Siege Tank  
  128  11:18  Factory Reactor  
  125  11:20  SCV  
  125  11:21  SCV x2  
  128  11:26  SCV  
  129  11:33  SCV x2, Terran Ship Weapons Level 1  
  129  11:34  Armory, Behemoth Reactor  
  129  11:36  Advanced Ballistics  
  131  11:45  Banshee  
  134  11:52  Battlecruiser  
  137  12:14  Viking x2  
  141  12:28  Hellion x2  
  145  12:31  Supply Depot, Factory  
  145  12:32  Factory  
  145  12:34  Battlecruiser, Siege Tank  
  145  12:35  Supply Depot  
  145  12:36  Supply Depot  
  154  12:40  Command Center  
  152  12:44  Viking  
  152  12:48  Missile Turret  
  152  12:49  Hellion x2  
  158  12:55  Planetary Fortress, Banshee  
  161  13:02  Refinery  
  161  13:03  Refinery  
  161  13:06  Siege Tank  
  161  13:10  Hellion  
  136  13:38  Banshee x2, Siege Tank  
  136  13:41  Terran Ship Weapons Level 2, Terran Vehicle And Ship Armor Level 2  
  129  13:42  Terran Vehicle Weapons Level 1  
  129  13:44  Supply Depot  
  129  13:46  Hellion x4  
  129  14:06  Orbital Command  
  129  14:07  Hellion x2  
  129  14:09  Refinery  
  135  14:10  Factory Reactor  
  135  14:11  Refinery  
  135  14:16  Hellion, Factory, Factory Reactor  
  135  14:19  Factory  
  135  14:22  Command Center  
  135  14:28  Hellion  
  135  14:29  Hellion  
  139  14:38  Hellion, Refinery  
  141  14:39  Terran Infantry Armor Level 1  
  141  15:03  Hellion x2, Siege Tank  
  141  15:05  Hellion x2  
  141  15:07  Battlecruiser x2  
  164  15:14  Hellion  
  164  15:15  Hellion  
  168  15:23  Hellion x2  
  168  15:24  Hellion x2  
  168  15:27  Hellion x2  
  180  15:31  Command Center  
  180  15:33  Refinery  
  180  15:35  Siege Tank, Refinery  
  183  15:40  Refinery x2  
  183  15:41  Terran Vehicle Weapons Level 2  
  183  15:56  Hellion x4  
  183  15:57  Hellion x4  
  193  16:00  Planetary Fortress, Missile Turret  
  190  16:07  Hellion  
  192  16:17  Hellion  
  192  16:18  Hellion x3  
  200  16:23  Supply Depot  
  200  16:29  Hellion  
  199  16:35  Factory Tech Lab  
  199  16:37  Factory Tech Lab  
  186  17:11  Planetary Fortress  
  172  17:37  Hellion x2, Siege Tank x3  
  172  17:38  Hellion  
  172  17:39  Terran Vehicle And Ship Armor Level 3, Terran Ship Weapons Level 3  
  172  17:41  Battlecruiser x2  
  183  17:52  SCV x2  
  185  18:01  Terran Vehicle Weapons Level 3  
  185  18:02  Marine  
  185  18:05  Command Center  
  186  18:09  Siege Tank x2  
  192  18:14  Orbital Command  
  192  18:15  Medivac x2  
  192  18:19  Weapon Refit  
  196  18:20  Marine  
  195  18:45  Banshee  
  195  18:48  Hellion  
  194  18:55  Hellion  
  194  18:56  Hellion x3  
  194  18:59  Terran Infantry Weapons Level 1  
  194  19:01  Terran Infantry Armor Level 2  
  198  19:18  SCV  
  198  19:19  Missile Turret  
  198  19:20  Planetary Fortress  
  199  19:52  Drilling Claws  
  199  19:54  Infernal Pre-Igniter  
  199  19:55  Mag-Field Accelerator  
  197  20:12  Missile Turret  
  197  20:18  Missile Turret  
  179  20:57  Hellion x2, Siege Tank x3  
  179  20:59  Battlecruiser  
  179  21:02  Refinery  
  179  21:03  Refinery  
  198  21:04  Missile Turret  
  198  21:09  SCV, Missile Turret  
  198  21:10  SCV  
  200  21:27  Command Center  
  200  21:28  Command Center  
  200  21:33  Command Center x2  
  199  21:41  Missile Turret  
  199  21:42  Missile Turret, Orbital Command  
  199  21:45  Missile Turret  
  192  21:58  Missile Turret  
  192  21:59  Missile Turret  
  192  22:00  Missile Turret  
  190  22:01  Missile Turret, Orbital Command  
  189  22:15  Orbital Command  
  189  22:26  Explosive Shrapnel Shells  
  189  22:29  High Capacity Fuel Tanks  
  189  22:45  Planetary Fortress  
  189  22:48  Missile Turret  
  189  23:15  Hellion x4  
  189  23:16  Hellion  
  196  23:35  Starport  
  196  23:36  Starport  
  196  23:37  Starport x2  
  196  23:39  Starport  
  196  23:41  Barracks  
  186  23:42  Barracks  
  177  24:46  Supply Depot  
  177  24:49  Supply Depot  
  177  24:50  Supply Depot x2  
  177  24:52  Supply Depot  
  177  24:53  Supply Depot  
  177  24:54  Supply Depot  
  177  24:55  Starport Tech Lab x2  
  177  24:56  Starport Tech Lab x3  
  169  25:01  Fusion Core  
Tags
 
Add a new tag
Caveats
  • Supply blocks, unpowered buildings, or Contaminate may cause inaccurate times.
  • Supply counts are checked every 10 seconds.